 Dungeon Crawl Stone Soup version 0.21.1-1-g345015f (webtiles) character file.

33 aagent17 the Skirmisher (level 3, -2/29 HPs)
             Began as a Demonspawn Abyssal Knight on June 3, 2018.
             Was a Follower of Lugonu.
             Slain by a kobold
             ... wielding a +0 whip of electrocution
              (18 damage)
             ... on level 2 of the Dungeon.
             The game lasted 00:08:11 (2192 turns).

aagent17 the Skirmisher (Demonspawn Abyssal Knight) Turns: 2192, Time: 00:08:11

Health: -2/29      AC:  3    Str: 13    XL:     3   Next: 12%
Magic:  5/5        EV:  6    Int: 13    God:    Lugonu [*.....]
Gold:   48         SH: 11    Dex: 12    Spells: 2/2 levels left

rFire    . . .     SeeInvis .   a - +1 hand axe
rCold    . . .     Gourm    .   f - +0 large shield
rNeg     . . .     Faith    .   b - +0 leather armour
rPois    .         Spirit   .   (no helmet)
rElec    .         Reflect  .   (no cloak)
rCorr    .         Harm     .   (no gloves)
MR       .....                  (no boots)
Stlth    ++........             (no amulet)
HPRegen  0.09/turn              (no ring)
MPRegen  0.09/turn              (no ring)

@: no status effects
A: nightstalker 1
a: Depart the Abyss, Renounce Religion


You were on level 2 of the Dungeon.
You worshipped Lugonu.
Lugonu was aware of your devotion.
You were hungry.

You visited 1 branch of the dungeon, and saw 2 of its levels.
You visited the Abyss 1 time.

You collected 48 gold pieces.

Inventory:

Hand Weapons
 a - a +1 hand axe (weapon)
Missiles
 j - 12 poisoned needles
 k - 19 bolts
Armour
 b - a +0 leather armour (worn)
 e - a +0 robe
 f - a +0 large shield (worn)
Jewellery
 h - an uncursed ring of flight {unknown}
Wands
 o - a wand of iceblast (8)
Scrolls
 d - a scroll of immolation {unknown}
 m - a scroll of remove curse
Potions
 g - a potion of heal wounds {unknown}
 i - 2 potions of brilliance {unknown}
 l - a potion of cancellation {unknown}
 n - a potion of lignification {unknown}
Comestibles
 c - 4 rations


   Skills:
 + Level 3.4 Fighting
 + Level 2.0 Axes
 + Level 2.0 Armour
 + Level 1.2 Dodging
 + Level 1.0 Shields
 + Level 2.8 Invocations


You had 2 spell levels left.
You didn't know any spells.

Dungeon Overview and Level Annotations

Branches:
Dungeon (2/15)

Altars:


Innate Abilities, Weirdness & Mutations

You are slightly more attuned to the shadows.


Message History

The bat hits you but does no damage. The bat hits you.
You hit the bat but do no damage. You block the bat's attack. The bat hits you.
The bat hits you but does no damage. The bat hits you.
You closely miss the bat. The bat hits you but does no damage. x2
You closely miss the bat. The bat hits you but does no damage. x2
You barely miss the bat. You block the bat's attack.
You block the bat's attack. The bat hits you but does no damage.
The bat barely misses you. You block the bat's attack.
You miss the bat. The bat hits you but does no damage.
A kobold comes into view. It is wielding a whip of electrocution.
You block the bat's attack. You block the bat's attack.
The bat hits you but does no damage. The kobold hits you but does no damage.
You are electrocuted!
You closely miss the kobold. You block the bat's attack.
The kobold hits you with a whip of electrocution.
You are electrocuted!
Ouch! That really hurt!
You die...

#####.##
........#
.#####..#
##...##
#.....#
##...##
##..##########
#...........#
#.#########@#
#'# #.K.# ...
#..b..# ..<.
##...## ......
##..# .......
...# ....


You could see a bat and a kobold.

Vanquished Creatures
  A worm (D:2)
  A dart slug (D:1)
  A leopard gecko (D:1)
  A giant cockroach (D:1)
  6 goblins
  4 hobgoblins (D:1)
  7 bats
  2 frilled lizards
  A kobold (D:1)
  3 rats (D:1)
27 creatures vanquished.

Notes
Turn   | Place    | Note
-------+----------+-------------------------------------------
     0 | Abyss:1  | aagent17 the Demonspawn Abyssal Knight began the quest for the Orb.
     0 | Abyss:1  | Reached XP level 1. HP: 18/18 MP: 2/2
    49 | D:1      | Escaped the Abyss
   302 | D:1      | Reached * piety under Lugonu
   302 | D:1      | Gained mutation: You are slightly more attuned to the shadows. [demonic ancestry]
   302 | D:1      | Reached XP level 2. HP: 7/24 MP: 4/4
  1209 | D:1      | Reached skill level 1 in Dodging
  1813 | D:2      | Reached XP level 3. HP: 15/29 MP: 5/5
  2141 | D:2      | Reached skill level 1 in Shields
  2192 | D:2      | Slain by a kobold

Skill      XL: |  1  2  3 |
---------------+----------+-----
Dodging        | 1 |  1.2
Armour         | 2 |  2.0
Axes           | 2 |  2.0
Shields        | 1 |  1.0
Fighting       | |  3.4
Invocations    | |  2.8

Action                   || total
-------------------------++-------
Melee: Hand axe          ||    92
Invok: Depart the Abyss  ||     1
  Use: Scroll            ||     1
 Stab: Sleeping          ||     3
  Eat: Ration            ||     1
Armor: Leather armour    ||    99
       Robe              ||     2
Dodge: Dodged            ||    42
Block: Large shield      ||    86
